Unix NetHack Version 5.0.0-0 post-release - last build May 23 2026 06:08:33 (1c0ff79ee797540d5714e4e18072db0edd9e58ae,branch:main).

Game began 2026-05-27 10:15:25, ended 2026-05-27 13:22:30.

FutureTim, lawful female human Valkyrie

                ---------------- ----
               --..............---..--
               |..%.-------#--.).....---
               ---..--   --.------.....--
                 |...--- |.....--.......|
                 |.....----.............|
                 |......-----...........--
                 --.....)^| --...........|
                  |.......-- |...........--
             -------.......| ---......<...|
             .............--   ------.....--
              ----.......-----     --......|
                 --..---..d..|     |......--
                  -..| -----@-     |.....--
                   --      |*'|    --.|.--
                           --.      -----

FutureTim the Fighter       St:18/01 Dx:12 Co:16 In:11 Wi:15 Ch:7  Lawful
Dlvl:12 $:60 HP:0(65) Pw:24(24) AC:0  Xp:8 T:5099  Satiated

Latest messages:
 You swap places with the peaceful dwarf.
 You see here a dusty spellbook.
 You have a little trouble lifting a dusty spellbook.  Continue? [ynq] (q) q
 What do you want to drop? [$abd-fh-zA-GIJLMOQ-S or ?*] r
 You drop an uncursed mace.
 H - a dusty spellbook.
 You hear some noises in the distance.
 You hear rumbling in the distance.
 You see here an uncursed mace.
 You smell fish.
 What do you want to use or apply? [efhkpsux-zCHJRS or ?*] p
 You now wield an uncursed pick-axe.
 In what direction do you want to dig? [47896>] 8
 You start digging.
 You hit the rock with all your might.
 You make an opening in the wall.
 What do you want to wield? [- abpGI or ?*] a
 a - a +2 spear (weapon in right hand).
 You hear rumbling in the distance.
 You miss the ettin mummy.
 The ettin mummy hits!
 The ettin mummy hits again!
 You hit the ettin mummy!
 The ettin mummy misses!
 The ettin mummy hits!
 You destroy the ettin mummy!
 You swap places with the peaceful dwarf lord.
 Click!  You trigger a rolling boulder trap!
 A boulder misses you.
 A gush of water hits your left arm!
 You see here a lamp.
 K - a lamp.
 Your candle is getting short.
 You hear rumbling in the distance.
 You step onto a polymorph trap!
 Your pair of iron shoes warps strangely.
 v - a +0 pair of mud boots (being worn).
 The clay golem hits!
 You kill the gnome!
 You hit the clay golem!
 You hit the clay golem!
 The clay golem hits!
 You stop.  Your little dog is in the way!
 The clay golem hits!
 You die...
 Do you want your possessions identified? [ynq] (y) y
 Do you want to see your attributes? [ynq] (y) y
 Do you want an account of creatures vanquished? [ynaq] (y) y
 Do you want to see your conduct and achievements? [ynq] (y) y
 Do you want to see the dungeon overview? [ynq] (y) y

Inventory:
 Coins    ('$')
  $ - 60 gold pieces
 Weapons  (')')
  G - 2 +1 arrows
  I - 12 +0 arrows
  b - a +0 dagger (alternate weapon; not wielded)
  a - a +2 spear (weapon in right hand)
 Armor    ('[')
  w - an uncursed +0 cornuthaum
  v - an uncursed +0 pair of kicking boots (being worn)
  l - an uncursed +0 cloak of displacement
  j - an uncursed +0 cloak of protection (being worn)
  D - an uncursed +0 dwarvish mithril-coat (being worn)
 Comestibles  ('%')
  d - an uncursed food ration
  t - 2 uncursed food rations
  n - an uncursed tin of spinach
 Scrolls  ('?')
  B - a cursed scroll of charging
  E - an uncursed scroll of create monster
  F - an uncursed scroll of enchant armor
  A - an uncursed scroll of enchant weapon
  q - a cursed scroll of enchant weapon
  M - 2 uncursed scrolls of identify
  O - a blessed scroll of teleportation
 Spellbooks  ('+')
  H - a cursed spellbook of cause fear
  k - an uncursed spellbook of create monster
  z - an uncursed spellbook of cure sickness
  S - an uncursed spellbook of finger of death
  s - an uncursed spellbook of knock
 Potions  ('!')
  Q - an uncursed potion of gain energy
  i - an uncursed potion of invisibility
  m - an uncursed potion of levitation
  o - an uncursed potion of sickness
 Wands    ('/')
  f - a wand of create monster (0:15)
  h - a cursed wand of digging (0:4)
  e - a wand of polymorph (0:4)
  u - a wand of striking (0:6)
 Tools    ('(')
  R - a can of grease (0:24)
  J - a can of grease (0:19)
  K - an uncursed magic lamp
  y - an uncursed mirror
  p - a +0 pick-axe
  C - an uncursed skeleton key
  x - an uncursed partly used tallow candle (lit)
 Gems/Stones  ('*')
  L - an uncursed worthless piece of blue glass

FutureTim the Valkyrie's attributes:

Background:
 You were a Fighter, a level 8 human Valkyrie.
 You were lawful, on a mission for Tyr
 who was opposed by Odin (neutral) and Loki (chaotic).
 You were right-handed.
 You were in the Gnomish Mines, on level 12.
 You entered the dungeon 5099 turns ago.
 You had 1854 experience points, 706 more were needed to attain level 9.

Basics:
 You had 0 out of 65 hit points.
 You had all 24 energy points (spell power).
 Your armor class was 0.
 Your wallet contained 60 zorkmids.
 Autopickup was off.

Final Characteristics:
 Your strength was 18/01 (limit:18/100).
 Your dexterity was 12 (limit:18).
 Your constitution was 16 (limit:18).
 Your intelligence was 11 (limit:18).
 Your wisdom was 15 (limit:18).
 Your charisma was 7 (limit:18).

Final Status:
 You were satiated.
 You were unencumbered.
 You were wielding a spear.
 You had expert skill with spear.

Final Attributes:
 You were piously aligned.
 You were cold resistant.
 You were telepathic.
 You were stealthy.
 You were protected.
 Your spell casting was impaired by metallic armor.
 You were fast.
 You are dead.

Miscellaneous:
 You didn't encounter any bones levels.
 Total elapsed playing time was 1 hour, 57 minutes and 29 seconds.

Major events:
 Turn
    1: FutureTim the lawful human Valkyrie entered the dungeon
  857: attained the rank of Skirmisher (level 3)
 1770: entered the Gnomish Mines
 2391: attained the rank of Fighter (level 6)
 3369: reached Mine Town
 5099: killed by a clay golem

Spells:
 Name                 Level Category     Fail Retention
 knock                  1   matter       100%  76%-100%

Skills:
 Fighting Skills
   bare handed combat [Unskilled]
   two weapon combat  [Unskilled]
   riding             [Unskilled]
 Weapon Skills
   dagger             [Basic]
   axe                [Unskilled]
   pick-axe           [Unskilled]
   short sword        [Unskilled]
   broadsword         [Unskilled]
   long sword         [Unskilled]
   two-handed sword   [Unskilled]
   saber              [Unskilled]
   hammer             [Unskilled]
   quarterstaff       [Unskilled]
   polearms           [Unskilled]
   spear              [Expert]
   trident            [Unskilled]
   lance              [Unskilled]
   sling              [Unskilled]
 Spellcasting Skills
   attack spells      [Unskilled]
   escape spells      [Unskilled]

Voluntary challenges:
 Character rerolling was not enabled.
 You never genocided any monsters.
 You never polymorphed an object.
 You never changed form.
 You used no wishes.
Achievements:
 You attained the rank of Skirmisher.
 You entered the Gnomish Mines.
 You attained the rank of Fighter.
 You entered Minetown.
 You entered a shop.
 You entered a temple.

 The Dungeons of Doom: levels 1 to 5
    Level 1:
       A fountain.
    Level 2:
       Many fountains, a sink.
    Level 3:
    Level 4:
       A fountain, a grave.
       Stairs down to The Gnomish Mines.
    Level 5:
 The Gnomish Mines: levels 5 to 12
    Level 5:
    Level 6:
    Level 7:
    Level 8:
       Many shops, a temple and an altar, some fountains, some trees.
    Level 9:
    Level 10:
    Level 11:
    Level 12: <- You were here.
       Final resting place for
          you, killed by a clay golem.


Vanquished creatures:
  2 small mimics
 an ettin mummy
  a gelatinous cube
  a crocodile
  a quivering blob
  2 cockatrices
  2 giant spiders
  2 forest centaurs
  2 gnome rulers
  a dwarf mummy
  a dog
  a blue jelly
  a rock mole
  a pony
  a yellow light
  a violet fungus
 10 gnome leaders
  4 gnomish wizards
  3 giant ants
  a floating eye
  5 dwarves
  a kobold leader
  2 kobold shamans
  a rothe
  a rabid rat
  a centipede
  a giant bat
  a werejackal
 an iguana
  a coyote
  a gas spore
  2 hobbits
  a large kobold
  a hobgoblin
  3 giant rats
  2 yellow molds
  a red mold
 57 gnomes
  a garter snake
  2 gnome zombies
  5 geckos
  4 jackals
  a fox
  3 kobolds
  a goblin
  a sewer rat
  a grid bug
  4 lichens
  5 newts
150 creatures vanquished.

No species were genocided or became extinct.

Game over:
                       ----------
                      /          \
                     /    REST    \
                    /      IN      \
                   /     PEACE      \
                  /                  \
                  |    FutureTim     |
                  |      60 Au       |
                  | killed by a clay |
                  |      golem       |
                  |                  |
                  |                  |
                  |       2026       |
                 *|     *  *  *      | *
        _________)/\\_//(\/(/\)/\//\/|_)_______

Farvel FutureTim the Valkyrie...

You died in The Gnomish Mines on dungeon level 12 with 8050 points,
and 60 pieces of gold, after 5099 moves.
You were level 8 with a maximum of 65 hit points when you died.

